 Dungeon Crawl Stone Soup version 0.31.0-1-g2c135a0 (webtiles) character file.

Game seed: 16891465039762472398

7329 PublicAnimeNo1 the Grappler (level 10, 0/98 HPs)
             Began as a Troll Shapeshifter on Jan 30, 2024.
             Was a Follower of Ru.
             Slain by Urug
             ... wielding a +7 eveningstar
              (11 damage)
             ... on level 10 of the Dungeon.
             The game lasted 00:20:22 (6746 turns).

PublicAnimeNo1 the Grappler (Troll Shapeshifter)    Turns: 6746, Time: 00:20:22

Health: 0/98       AC:  6    Str: 24    XL:     10   Next: 90%
Magic:  9/9        EV: 10    Int:  6    God:    Ru [*.....]
Gold:   532        SH: 11    Dex: 13    Spells: 9/9 levels left

rFire   + .          .
                       - Unarmed
rCold   + . .        C - +1 kite shield {rN+}
rNeg    + . .        y - +2 robe {rC+ rF+}
rPois   .            (helmet currently unavailable)
rElec   .            (cloak currently unavailable)
rCorr   .            (gloves unavailable)
SInv    .            (boots unavailable)
Will    .....        (no amulet)
Stlth   +            (no ring)
HPRegen 1.16/turn    (no ring)
MPRegen 0.11/turn

%: no passive effects
@: brilliant, beast-form
A: beast (slay +4), large, unfitting armour, claws 3, regeneration 1, shaggy fur
1, tough skin 1, no conjurations magic, no fire magic, no alchemy magic
a: Begin Untransformation, Renounce Religion


You were on level 10 of the Dungeon.
You worshipped Ru.
Ru was aware of your devotion.
You were a hulking beast.
You visited 1 branch of the dungeon, and saw 10 of its levels.

You collected 667 gold pieces.
You spent 135 gold pieces at shops.

Inventory:

Missiles
 w - 2 javelins
 B - a throwing net
Armour
 a - a +0 animal skin
 r - a scarf of harm
 y - a +2 robe of resistance (worn)
 C - a +1 kite shield of positive energy (worn)
Jewellery
 k - a +6 ring of strength
 z - a +6 ring of dexterity
 A - a +6 ring of strength
Talismans
 c - a beast talisman
 d - a flux talisman
Wands
 m - a wand of flame (6) (quivered)
 D - a wand of light (5)
Scrolls
 f - 3 scrolls of immolation
 g - 2 scrolls of teleportation
 i - 2 scrolls of enchant weapon
 j - a scroll of vulnerability
 l - 2 scrolls of silence
 o - a scroll of poison
Potions
 e - a potion of heal wounds {unknown}
 h - a potion of attraction {unknown}
 n - 2 potions of ambrosia
 p - a potion of haste {unknown}
 q - 2 potions of cancellation
 s - 4 potions of curing
 t - a potion of brilliance
 u - a potion of mutation
 v - 4 potions of might
 x - 2 potions of degeneration {unknown}
Miscellaneous
 b - a lightning rod (4/4)


   Skills:
 + Level 5.9 Fighting
 - Level 4.1 Dodging
 * Level 6.9 Shields
 + Level 9.4 Unarmed Combat
 + Level 8.6 Shapeshifting


You had 9 spell levels left.
You didn't know any spells.
Your spell library contained the following spells:

 Spells                   Type           Power      Damage    Failure   Level
 Necrotise                Necr           0%         1d4       67%         1
 Sandblast                Erth           0%         2d4       67%         1
 Blink                    Tloc           0%         N/A       82%         2
 Ensorcelled Hibernation  Hex/Ice        0%         N/A       82%         2
 Jinxbite                 Hex            0%         N/A       82%         2
 Lesser Beckoning         Tloc           0%         N/A       82%         2
 Passwall                 Erth           0%         N/A       96%         3
 Summon Ice Beast         Ice/Summ       0%         N/A       96%         3
 Swiftness                Air            0%         N/A       96%         3
 Vampiric Draining        Necr           0%         2d6       96%         3
 Animate Dead             Necr           0%         N/A       100%        4
 Martyr's Knell           Necr/Summ      0%         N/A       100%        4
 Borgnjor's Vile Clutch   Necr/Erth      0%         N/A       100%        5
 Curse of Agony           Necr           0%         N/A       100%        5
 Summon Forest            Summ/Tloc      0%         N/A       100%        5
 Summon Mana Viper        Hex/Summ       0%         N/A       100%        5
 Death Channel            Necr           0%         N/A       100%        6
 Summon Cactus Giant      Summ           0%         N/A       100%        6
 Enfeeble                 Hex            0%         N/A       100%        7
 Momentum Strike          Conj/Tloc      Unusable   3d8       N/A         2
 Scorch                   Fire           Unusable   2d5       N/A         2
 Hailstorm                Conj/Ice       Unusable   3d5       N/A         3
 Stone Arrow              Conj/Erth      Unusable   3d7       N/A         3
 Brom's Barrelling Bould  Conj/Erth      Unusable   2d3       N/A         4
 Flame Wave               Conj/Fire      Unusable   2d4       N/A         4
 Yara's Violent Unravell  Hex/Alch       Unusable   3d3       N/A         5
 Sculpt Simulacrum        Ice/Alch       Unusable   N/A       N/A         6

Dungeon Overview and Level Annotations

Branches:
Dungeon (10/15)            Temple (0/1) D:6            Lair (0/5) D:10
    Orc: D:9-12

Altars:
Elyvilon
Okawaru
Qazlal
Ru
Uskayaw
Yredelemnul
The Shining One

Shops:
D:1 [

Annotations:
D:6 3 runed translucent doors, anarkitty's ghost, novice SpCj
D:8 3 runed translucent doors
D:10 Urug


Innate Abilities, Weirdness & Mutations

You are a hulking beast.
Your limbs bulge with bestial killing power. (Slay +4)
You are too large for most types of armour.
You have claws for hands.
Your natural rate of healing is unusually fast.
You are covered in fur. (AC +1)
You have tough skin. (AC +1)
You cannot study or cast Conjurations magic.
You cannot study or cast Fire magic.
You cannot study or cast Alchemy magic.


Message History

Deactivating autopickup; reactivate with Ctrl-A.
Urug throws a javelin.
The javelin closely misses you.
You hear some strange, mumbled words.
Something tries to affect you, but you resist.
Something hits you. You block something's attack.
You mangle something!!
Reactivating autopickup.
You feel a bit more experienced.
You hear the creaking of a very distant portcullis.
Aiming: Bolt of Light
Press: ? - help, Shift-Dir - straight line, f - Urug
Aim: Urug, wielding a +7 eveningstar, wearing a +0 scale mail and quivering javelins (64% to hit)
The bolt of light hits Urug!
Urug is lightly wounded.
Urug is blinded.
You block Urug's attack.
You mangle Urug!!
Urug is heavily wounded.
You block Urug's attack.
You catch the helpless Urug completely off-guard!
You scratch Urug.
Urug is heavily wounded.
Urug hits you with a +7 eveningstar!!
You claw Urug!
Urug is severely wounded.
Urug hits you with a +7 eveningstar!!
You mangle Urug!!
Urug is almost dead.
Urug hits you with a +7 eveningstar!!!
* * * LOW HITPOINT WARNING * * *
You scratch Urug but do no damage.
Urug is almost dead.
It was a potion of brilliance.
You feel clever all of a sudden.
Urug is no longer blind.
You block Urug's attack.
Okay, then.
You scratch Urug.
Urug is almost dead.
Urug hits you with a +7 eveningstar!
You die...
Urug screams, "Revenge at last!"

#....(.... ####+####
#######.# .# ##.# #..#
#####.####
#........#######...
######........##o.......
....).........##h#
######...........#
#........#### #........#
#........# ##########


You could see Urug.

Vanquished Creatures
  A two-headed ogre (D:9)
  Pikel (D:7)
  A gargoyle (D:10)
  A troll (D:7)
  2 raiju (D:9)
  Sigmund (D:5)
  A shadow (D:10)
  A vampire (D:10)
  3 steam dragons
  Edmund (D:5)
  3 water moccasins
  An ice beast (D:5)
  3 orc warriors
  A sky beast (D:8)
  A black bear (D:6)
  A lemure (D:7)
  4 phantoms
  5 kobold brigands
  2 gnoll sergeants
  3 bullfrogs
  7 scorpions
  5 wights (D:7)
  9 killer bees
  4 howler monkeys
  4 electric eels (D:9)
  3 bombardier beetles
  3 lava snakes
  4 hounds
  A jelly (D:5)
  4 orc priests
  7 iguanas
  A gnoll bouda (D:7)
  8 orc wizards
  9 adders
  15 gnolls
  2 white imps (D:5)
  2 ufetubi (D:6)
  3 dart slugs
  37 orcs
  4 bats
  7 endoplasms
  4 giant cockroaches
  8 goblins
  5 hobgoblins
  7 jackals
  31 kobolds
  2 quokkas (D:4)
  4 ball pythons
  2 frilled lizards
  8 rats
247 creatures vanquished.

Vanquished Creatures (others)
  An orc wizard (D:9)
1 creature vanquished.

Grand Total: 248 creatures vanquished

Notes
Turn   | Place    | Note
-------+----------+-------------------------------------------
     0 | D:1      | PublicAnimeNo1 the Troll Shapeshifter began the quest for
                  | the Orb.
     0 | D:1      | Reached XP level 1. HP: 18/18 MP: 0/0
    97 | D:1      | Reached XP level 2. HP: 26/26 MP: 1/1
   100 | D:1      | Reached skill level 1 in Fighting
   178 | D:1      | Found Xicrys's Antique Armour Shop.
   507 | D:2      | Reached XP level 3. HP: 33/33 MP: 2/2
   863 | D:2      | Found a faded altar of an unknown god.
  1339 | D:3      | Reached skill level 4 in Unarmed Combat
  1339 | D:3      | Reached XP level 4. HP: 22/41 MP: 3/3
  1428 | D:3      | Reached XP level 5. HP: 42/48 MP: 4/4
  1617 | D:3      | Found a glowing golden altar of the Shining One.
  1838 | D:4      | Noticed a phantom
  1847 | D:4      | Killed a phantom
  1883 | D:4      | Found a stormy altar of Qazlal.
  1902 | D:4      | Reached XP level 6. HP: 54/57 MP: 5/5
  2062 | D:4      | Reached skill level 5 in Unarmed Combat
  2250 | D:4      | Found a sacrificial altar of Ru.
  2259 | D:4      | Became a worshipper of Ru the Awakened
  2282 | D:5      | Entered Level 5 of the Dungeon
  2282 | D:5      | Noticed a water moccasin
  2321 | D:5      | Killed a water moccasin
  2405 | D:5      | Reached XP level 7. HP: 65/66 MP: 6/6
  2471 | D:5      | Noticed Sigmund
  2549 | D:5      | Reached skill level 5 in Shapeshifting
  2578 | D:5      | Noticed Edmund
  2587 | D:5      | Killed Edmund
  2631 | D:5      | Found a basalt altar of Yredelemnul.
  2698 | D:5      | Reached skill level 6 in Unarmed Combat
  2804 | D:5      | Killed Sigmund
  2805 | D:5      | Reached XP level 8. HP: 65/75 MP: 7/7
  3051 | D:5      | Identified the +8 lajatang "Plog" {freeze, ^Drain rElec rN+
                  | Str+2}
  3088 | D:5      | Reached skill level 7 in Unarmed Combat
  3127 | D:6      | Noticed anarkitty's ghost (novice SpCj)
  3127 | D:6      | Found a runed translucent gate.
  3127 | D:6      | Found a runed translucent gate.
  3132 | D:6      | Found a runed translucent gate.
  3133 | D:6      | Noticed a kobold demonologist
  3263 | D:6      | Gained mutation: You cannot study or cast Fire magic. [Ru
                  | sacrifice]
  3263 | D:6      | Gained mutation: You cannot study or cast Alchemy magic.
                  | [Ru sacrifice]
  3263 | D:6      | Gained mutation: You cannot study or cast Conjurations
                  | magic. [Ru sacrifice]
  3263 | D:6      | Reached * piety under Ru
  3427 | D:6      | Reached XP level 9. HP: 84/84 MP: 8/8
  3559 | D:1      | Bought a runed kite shield for 135 gold pieces
  3696 | D:6      | Found a staircase to the Ecumenical Temple.
  3996 | D:7      | Reached skill level 1 in Shields
  4051 | D:7      | Noticed Pikel
  4059 | D:7      | Killed Pikel
  4060 | D:7      | Reached skill level 8 in Unarmed Combat
  4347 | D:7      | Noticed a troll
  4367 | D:7      | Killed a troll
  4845 | D:8      | Reached XP level 10. HP: 88/94 MP: 9/9
  5003 | D:8      | Reached skill level 5 in Fighting
  5135 | D:8      | Found a runed translucent gate.
  5135 | D:8      | Found a runed translucent gate.
  5135 | D:8      | Found a runed translucent gate.
  5135 | D:8      | Noticed a purple ugly thing
  5135 | D:8      | Noticed a cyan ugly thing
  5135 | D:8      | Noticed a green ugly thing
  5328 | D:8      | Reached skill level 5 in Shields
  5644 | D:9      | Noticed a two-headed ogre
  5824 | D:9      | Found a hide-covered altar of Uskayaw.
  5838 | D:9      | Killed a two-headed ogre
  5853 | D:9      | Reached skill level 9 in Unarmed Combat
  6453 | D:9      | Found an iron altar of Okawaru.
  6453 | D:9      | Found a white marble altar of Elyvilon.
  6534 | D:10     | Entered Level 10 of the Dungeon
  6534 | D:10     | Found a staircase to the Lair.
  6553 | D:10     | Noticed Urug
  6709 | D:10     | Noticed a gargoyle
  6716 | D:10     | Killed a gargoyle
  6746 | D:10     | Slain by Urug

Illustrated notes

Levels and vault maps discovered:
D:1:      dpeg_arrival_chambers_temple_mockup, layout_rooms, serial_shops, shop
D:2:      layout_loops_ring, nicolae_ecumenical_oubliette,
          kennysheep_generic_room_15
D:3:      layout_loops_ring, mainiacjoe_overflow_six_doors_small
D:4:      layout_basic, mainiacjoe_overflow_tiny_flanked,
          mainiacjoe_overflow_boulevard
D:5:      layout_rooms, mainiacjoe_overflow_cross_hatched, grunt_ministairs_15,
          minmay_starry_boxes, uniq_sigmund, uniq_edmund
D:6:      layout_rooms, tgw_sif, minmay_temple_entry_large_hall,
          gammafunk_ghost_nasty_kobolds, corexii_item_surrounded_by_moat,
          kennysheep_another_room
D:7:      layout_basic, hangedman_decor_diamond_cutter, uniq_pikel
D:8:      layout_basic, ploomutoo_gammafunk_ghost_potion_laboratory,
          kennysheep_big_empty_room
D:9:      layout_small_grid, nicolae_overflow_two_pavilions,
          eat_drink_and_be_merry_uskayaw, nicolae_have_a_lightning_rod
D:10:     layout_roguey, lair_entry_dummy, david_orc_5, enter_bailey_8,
          corexii_corridor_pit, uniq_maurice, uniq_lodul, uniq_urug, uniq_joseph

Skill      XL: |  1  2  3  4  5  6  7  8  9 10 |
---------------+-------------------------------+-----
Fighting       | 1 2 3 4 5 |  5.9
Dodging        | 2 3 4 |  4.1
Unarmed Combat | 4 5 6 7 8 9 |  9.4
Shapeshifting  | 4 5 6 7 8 |  8.6
Shields        | 4 6 |  6.9

Action                     |  1- 3 |  4- 6 |  7- 9 | 10-12 || total
---------------------------+-------+-------+-------+-------++-------
  Melee: Unarmed           |    74 |    65 |   243 |   190 ||   572
         Punch             |       |     1 |     3 |       ||     4
  Throw: Javelin           |       |     1 |     9 |     4 ||    14
 Invoke: Sacrifice Arcana  |       |       |     1 |       ||     1
         Reject Sacrifices |       |       |       |     1 ||     1
  Evoke: Wand              |       |       |     4 |    18 ||    22
    Use: Potion            |       |       |     1 |     1 ||     2
         Scroll            |       |       |    13 |     2 ||    15
   Stab: Distracted        |     1 |       |       |     1 ||     2
         Sleeping          |     1 |     3 |       |       ||     4
         Invisible         |       |       |     2 |     2 ||     4
 Armour: Animal skin       |    37 |    32 |    26 |       ||    95
         Skin              |       |       |    11 |       ||    11
         Robe              |       |       |    92 |   114 ||   206
  Dodge: Dodged            |    20 |    21 |    73 |    70 ||   184
  Block: Kite shield       |       |       |    29 |   122 ||   151
